 Dungeon Sprint DCSS version 0.17-a0-1741-gd5e8965 (webtiles) character file.

800000 ztt the Blinker (level 12, -22/110 HPs)
             Began as a Ghoul Warper on Aug 31, 2015.
             Was an Initiate of Makhleb.
             Annihilated by a bag of meat
             ... wielding a +9 war axe
              (25 damage)
             ... in the Dungeon (Sprint VIII: "Arena of Blood").
             The game lasted 00:00:12 (8 turns).

ztt the Blinker (Ghoul Warper)                         Turns: 8, Time: 00:00:12

Health: -22/110    AC:  3    Str: 16    XL:     12   Next: 2%
Magic:  2/25       EV: 16    Int:  8    God:    Makhleb [......]
Gold:   0          SH:  0    Dex: 12    Spells: 1 memorised, 30 levels left

rFire  . . .     SeeInvis .     l - +∞ Axe of Woe
rCold  + . .     Clarity  .     b - +0 leather armour
rNeg   + + +     SustAt   .     (no shield)
rPois  ∞         Gourm    .     (no helmet)
rElec  .         Spirit   .     (no cloak)
rCorr  .         Warding  .     (no gloves)
rMut   .         NoTele   +     (no boots)
MR     .....                    (no amulet)
Stlth  +.........               (no ring)
                                (no ring)

@: rotting, not resistant to hostile enchantments, very unstealthy
A: rotting body, claws 1, carnivore 3, cold resistance 1, negative energy
resistance 3, slow healing 1, torment resistance, unbreathing
a: Renounce Religion


You were in the Dungeon.
You worshipped Makhleb.
Makhleb was noncommittal.
You were not hungry.

You visited 1 branch

Inventory:

Hand weapons
 a - a +0 hand axe
 l - the +∞ Axe of Woe (weapon)
   (You found it in the Dungeon)
Missiles
 e - 5 tomahawks of dispersal (quivered)
Armour
 b - a +0 leather armour (worn)
Scrolls
 d - 2 scrolls of blinking
Potions
 g - a potion of curing
 h - a potion of heal wounds
 i - a potion of haste
 j - 2 potions of magic
 k - a potion of berserk rage
Books
 c - a book of Spatial Translocations

   Spells                             Type                      Level
   a - Apportation                    Translocation                1
   b - Blink                          Translocation                2
   c - Shroud of Golubria             Charms/Translocation         2
   d - Portal Projectile              Translocation                3
   e - Teleport Other                 Translocation                3
   f - Passage of Golubria            Translocation                4
Comestibles
 f - a meat ration


   Skills:
 + Level 11.5 Fighting
 + Level 10.1 Axes
 + Level 2.6 Throwing
 + Level 2.8 Armour
 + Level 9.5 Dodging
 + Level 10.4 Spellcasting
 + Level 17.8 Translocations


You had 30 spell levels left.
You knew the following spells:

 Your Spells              Type           Power        Failure   Level  Hunger
a - Apportation           Tloc           ####......   0%          1    None


Dungeon Overview and Level Annotations

Branches:
Dungeon (1/1)

Altars:
Makhleb


Innate Abilities, Weirdness & Mutations

Your body is rotting away.
You thrive on raw meat.
You are immune to poison.
You have sharp fingernails.
You are carnivorous and can eat meat at any time.
Your flesh is cold resistant.
You are immune to negative energy.
You heal slowly when monsters are visible.
You are immune to unholy pain and torment.
You can survive without breathing.


Message History

You feel agile.
You have reached level 7!
You have reached level 8!
You have reached level 9!
Your experience leads to an increase in your attributes!
Increase (S)trength, (I)ntelligence, or (D)exterity?
You feel agile.
You have reached level 10!
You feel stronger.
You have reached level 11!
You have reached level 12!
Your experience leads to an increase in your attributes!
Increase (S)trength, (I)ntelligence, or (D)exterity?
You feel agile.
You hear a shout! x12
The bag of meat hits you with a +9 war axe!!!
* * * LOW HITPOINT WARNING * * *
You hear a shout!
The bag of meat hits you with a +9 war axe!!
You die...

...###... ..###.
........###......
#........_.....
......#.....#
......#_.<._# .
......#.....#....
#....O..._.......
.......o###.o....
...###o@o....###.
#.......#
#......o#
......o...
...........
.........o..
o........o..#
o.o#........#o


You could see a meat berserker (berserk) and 12 bags of meat.

Vanquished Creatures
  An orc (D)
1 creature vanquished.

Notes
Turn   | Place    | Note
--------------------------------------------------------------
     0 | D        | ztt the Ghoul Warper began the quest for the Orb.
     0 | D        | Reached XP level 1. HP: 17/17 MP: 2/2
     4 | D        | Noticed a bag of meat
     4 | D        | Became a worshipper of Makhleb the Destroyer
     5 | D        | Noticed a bag of meat
     5 | D        | Noticed a bag of meat
     6 | D        | Noticed a bag of meat
     7 | D        | Noticed a bag of meat
     7 | D        | Noticed a meat berserker
     7 | D        | Noticed a bag of meat
     7 | D        | Noticed a bag of meat
     8 | D        | Noticed a bag of meat
     8 | D        | Noticed a bag of meat
     8 | D        | Noticed a bag of meat
     8 | D        | Noticed a bag of meat
     8 | D        | Killed a bag of meat
     8 | D        | Reached skill level 11 in Fighting
     8 | D        | Reached skill level 10 in Axes
     8 | D        | Reached skill level 10 in Spellcasting
     8 | D        | Reached skill level 17 in Translocations
     8 | D        | Reached XP level 2. HP: 20/40 MP: 2/12
     8 | D        | Reached XP level 3. HP: 23/47 MP: 2/13
     8 | D        | Reached XP level 4. HP: 26/55 MP: 2/15
     8 | D        | Reached XP level 5. HP: 28/61 MP: 2/16
     8 | D        | Reached XP level 6. HP: 31/68 MP: 2/18
     8 | D        | Reached XP level 7. HP: 33/74 MP: 2/19
     8 | D        | Reached XP level 8. HP: 36/82 MP: 2/21
     8 | D        | Reached XP level 9. HP: 39/89 MP: 2/22
     8 | D        | Reached XP level 10. HP: 42/96 MP: 2/23
     8 | D        | Reached XP level 11. HP: 44/102 MP: 2/24
     8 | D        | Reached XP level 12. HP: 47/110 MP: 2/25
     8 | D        | HP: 3/110 [bag of meat/+9 war axe (44)]
     8 | D        | Annihilated by a bag of meat

Vault maps used:
D:        meatsprint

Action                   |  1- 3 |  4- 6 |  7- 9 | 10-12 || total
-------------------------+-------+-------+-------+-------++-------
Melee: Executioner's axe |     1 |       |       |       ||     1
